 Dungeon Crawl Stone Soup version 0.29-a0-409-gd843f3a48c (webtiles) character file.

Game seed: 8355534968446804726

175 croobank the Covert (level 5, -1/46 (47) HPs)
             Began as a Gnoll Delver on May 14, 2022.
             Killed by divine providence
             ... invoked by an orc priest
              (9 damage)
             ... on level 6 of the Dungeon.
             The game lasted 00:14:06 (2937 turns).

croobank the Covert (Gnoll Delver)                  Turns: 2937, Time: 00:14:07

HP:   -1/46 (47)    AC:  7    Str: 12    XL:     5   Next: 55%
MP:   7/7           EV: 13    Int: 11    God:
Gold: 129           SH:  0    Dex: 13    Spells: 2/7 levels left

rFire   . . .      SeeInvis .   d - +2 dagger (speed)
rCold   . . .      Faith    .   (no shield)
rNeg    . . .      Spirit   .   o - +1 leather armour
rPois   .          Reflect  .   (no helmet)
rElec   .          Harm     .   (no cloak)
rCorr   .          Rampage  .   (no gloves)
Will    .....                   i - +2 pair of boots {Fly}
Stlth   ++++......              (no amulet)
HPRegen 0.15/turn               (no ring)
MPRegen 0.10/turn               (no ring)

@: flying, lightly drained
A: fangs 1, strong nose, distributed training
a: no special abilities


You were on level 6 of the Dungeon.
You visited 1 branch of the dungeon, and saw 6 of its levels.

You collected 129 gold pieces.

Inventory:

Hand Weapons
 a - a +1 hand axe
 b - a +0 hunting sling
 d - a +2 dagger of speed (weapon)
Missiles
 e - 7 poisoned darts (quivered)
 k - 77 stones
Armour
 i - a +2 pair of boots of flying (worn)
 l - a +0 robe
 o - a +1 leather armour (worn)
Magical Staves
 n - a staff of cold
Wands
 g - a wand of digging (7)
Scrolls
 c - a scroll of fog
 j - a scroll of identify
 p - a scroll of immolation
Potions
 f - a potion of heal wounds {unknown}
 h - 3 potions of flight


   Skills:
 + Level 6.7 Fighting
 + Level 1.5 Short Blades
 + Level 1.5 Long Blades
 + Level 4.8 Axes
 + Level 1.5 Maces & Flails
 + Level 1.5 Polearms
 + Level 1.5 Staves
 + Level 1.5 Slings
 + Level 1.5 Bows
 + Level 1.5 Crossbows
 + Level 1.5 Throwing
 + Level 1.5 Armour
 + Level 4.8 Dodging
 + Level 9.7 Stealth
 + Level 1.5 Shields
 + Level 1.5 Unarmed Combat
 + Level 1.5 Spellcasting
 + Level 1.2 Conjurations
 + Level 1.2 Hexes
 + Level 1.2 Summonings
 + Level 1.2 Necromancy
 + Level 1.2 Translocations
 + Level 1.2 Transmutations
 + Level 1.2 Fire Magic
 + Level 1.2 Ice Magic
 + Level 1.2 Air Magic
 + Level 1.2 Earth Magic
 + Level 1.2 Poison Magic
 + Level 1.7 Invocations
 + Level 1.5 Evocations


You had 2 spell levels left.
You knew the following spells:

 Your Spells              Type           Power      Damage    Failure   Level
a - Ensorcelled Hibernat  Hex/Ice        6%         N/A       34%         2
b - Swiftness             Air            3%         N/A       56%         3

Your spell library contained the following spells:

 Spells                   Type           Power      Damage    Failure   Level
 Passwall                 Tmut/Erth      2%         N/A       34%         2


Dungeon Overview and Level Annotations

Branches:
Dungeon (5/15)
 Temple: D:4-7

Altars:
Qazlal

Shops:
D:4 :   D:6 (


Innate Abilities, Weirdness & Mutations

You have very sharp teeth.
Your uncanny sense of smell can sniff out nearby items.
Your experience applies equally to all skills.


Message History

You see here a silvery potion.
f - a silvery potion An orc comes into view.
It is wielding a +0 hand axe.
Found a scroll labelled MATOMM ANATADESH.
An orc priest, an orc warrior and 2 orc wizards come into view.
An orc wizard is wielding a +0 dagger and wearing a +2 robe of cold resistance.
The orc warrior shouts!
The orc wizard shouts! x2; The orc shouts!
The orc wizard gestures at you while chanting.
The magic dart hits you. The orc closely misses you.
The orc warrior moves out of view.
You hear a shout!
Okay, then.
Aiming: Dig
Press: ? - help, Shift-Dir - straight line, p - ogre You can't see that place.
The rock shatters into small pieces.
The orc wizard mumbles some strange words.
The orc wizard flickers and vanishes!
Deactivating autopickup; reactivate with Ctrl-A.
The orc barely misses you.
A necrophage comes into view.
Found a stone staircase leading down.
The necrophage hits you.
You feel drained.
An orc comes into view.
It is wielding a +0 short sword. 2 orcs come into view.
An orc is wielding a +2 vampiric hand axe.
An orc priest comes into view. It is wielding a +0 dagger.
The orc shouts! x3; You hear a shout!
Your extra speed is starting to run out.
Found a human corpse.
The orc barely misses you.
The orc priest shouts!
You hear a shout! x2
An orc warrior comes into view. It is wielding a +0 morningstar.
The orc priest calls down the wrath of Beogh upon you.
Pain shoots through your body!
* * * LOW HITPOINT WARNING * * *
Okay, then.
You feel yourself slow down.
The orc priest mumbles some strange prayers to Beogh against you.
Beogh smites you!
You die...

##########
#...?....##
..........
.........# ∆
#(.......#
#........# .†
#......@.## ..#
...
#!######..####..##
..... #.#
#oo.o......
∆.....####'###
#o..o....#
...........#
#........#
#.........#
#........#
#.....(...#
#..n.....#
#.........#
#........#
#.........#
###.####.#


You could see an orc warrior, a necrophage, an orc priest and 3 orcs.

Vanquished Creatures
  A scorpion (D:2)
  2 orc wizards (D:3)
  2 adders
  2 dart slugs
  2 orcs (D:3)
  6 ball pythons
  5 bats
  2 endoplasms (D:3)
  A giant cockroach (D:2)
  3 goblins
  2 hobgoblins
  9 kobolds
  2 quokkas
  4 frilled lizards
  6 rats
49 creatures vanquished.

Notes
Turn   | Place    | Note
-------+----------+-------------------------------------------
     0 | D:5      | Reached skill level 9 in Stealth
     0 | D:5      | croobank the Gnoll Delver began the quest for the Orb.
     0 | D:5      | Reached XP level 1. HP: 23/23 MP: 1/1
    43 | D:5      | Noticed a hound
   234 | D:4      | Noticed an orc warrior
   234 | D:4      | Noticed an orc wizard
   250 | D:4      | Noticed a scorpion
   260 | D:4      | Found Rilet's Book Boutique.
   261 | D:4      | Noticed an ogre
   372 | D:3      | Reached XP level 2. HP: 29/29 MP: 2/2
   952 | D:1      | Reached XP level 3. HP: 35/35 MP: 3/3
  1442 | D:2      | Noticed a scorpion
  1786 | D:2      | Killed a scorpion
  1787 | D:2      | Reached skill level 1 in Short Blades
  1787 | D:2      | Reached skill level 1 in Long Blades
  1787 | D:2      | Reached skill level 1 in Maces & Flails
  1787 | D:2      | Reached skill level 1 in Polearms
  1787 | D:2      | Reached skill level 1 in Staves
  1787 | D:2      | Reached skill level 1 in Slings
  1787 | D:2      | Reached skill level 1 in Bows
  1787 | D:2      | Reached skill level 1 in Crossbows
  1787 | D:2      | Reached skill level 1 in Throwing
  1787 | D:2      | Reached skill level 1 in Armour
  1787 | D:2      | Reached skill level 1 in Shields
  1787 | D:2      | Reached skill level 1 in Unarmed Combat
  1787 | D:2      | Reached skill level 1 in Spellcasting
  1787 | D:2      | Reached skill level 1 in Conjurations
  1787 | D:2      | Reached skill level 1 in Hexes
  1787 | D:2      | Reached skill level 1 in Summonings
  1787 | D:2      | Reached skill level 1 in Necromancy
  1787 | D:2      | Reached skill level 1 in Translocations
  1787 | D:2      | Reached skill level 1 in Transmutations
  1787 | D:2      | Reached skill level 1 in Fire Magic
  1787 | D:2      | Reached skill level 1 in Ice Magic
  1787 | D:2      | Reached skill level 1 in Air Magic
  1787 | D:2      | Reached skill level 1 in Earth Magic
  1787 | D:2      | Reached skill level 1 in Poison Magic
  1787 | D:2      | Reached skill level 1 in Invocations
  1787 | D:2      | Reached skill level 1 in Evocations
  1787 | D:2      | Reached XP level 4. HP: 16/41 MP: 5/5
  2013 | D:2      | Found a stormy altar of Qazlal.
  2162 | D:2      | Learned a level 2 spell: Ensorcelled Hibernation
  2190 | D:2      | Learned a level 3 spell: Swiftness
  2329 | D:3      | Reached XP level 5. HP: 28/47 MP: 5/7
  2490 | D:3      | HP: 2/47 [something/magic dart (6)]
  2868 | D:3      | You are sucked into a shaft and drop 3 floors!
  2875 | D:6      | Noticed an ogre
  2894 | D:6      | Found Pies's Antique Weapon Shoppe.
  2909 | D:6      | Noticed an orc warrior
  2933 | D:6      | Noticed an orc warrior
  2937 | D:6      | Killed from afar by an orc priest

Illustrated notes

Levels and vault maps discovered:
D:1:      scummos_arrival_simple_crosswalls, layout_basic
D:2:      layout_basic, basic_altar
D:3:      minmay_recursive_quarters, layout_basic,
          chequers_ecumenical_altar_grove
D:4:      nicolae_BIG_FREAKIN_CUBE, layout_basic, serial_shops, shop,
          nicolae_stop_n_shop_1, nicolae_shop_hallway_plus
D:5:      layout_rooms, overflow_temple_1_default,
          minmay_temple_entry_stoned_glass, roderic_lattice_a,
          corexii_item_surrounded_by_moat, hangedman_decor_growths,
          uniq_eustachio
D:6:      layout_basic, serial_shops, shop_fountains,
          nicolae_shop_bloodbath_and_beyond, shop,
          nicolae_shop_advertising_works [nicolae_subvault_shop_adworks],
          minmay_puff

Skill      XL: |  1  2  3 |
---------------+----------+-----
Stealth        | |  9.7
Short Blades   | 1 |  1.5
Long Blades    | 1 |  1.5
Maces & Flails | 1 |  1.5
Polearms       | 1 |  1.5
Staves         | 1 |  1.5
Slings         | 1 |  1.5
Bows           | 1 |  1.5
Crossbows      | 1 |  1.5
Throwing       | 1 |  1.5
Armour         | 1 |  1.5
Shields        | 1 |  1.5
Unarmed Combat | 1 |  1.5
Spellcasting   | 1 |  1.5
Conjurations   | 1 |  1.2
Hexes          | 1 |  1.2
Summonings     | 1 |  1.2
Necromancy     | 1 |  1.2
Translocations | 1 |  1.2
Transmutations | 1 |  1.2
Fire Magic     | 1 |  1.2
Ice Magic      | 1 |  1.2
Air Magic      | 1 |  1.2
Earth Magic    | 1 |  1.2
Poison Magic   | 1 |  1.2
Invocations    | 1 |  1.7
Evocations     | 1 |  1.5
Fighting       | |  6.7
Axes           | |  4.8
Dodging        | |  4.8

Action                   |  1- 3 |  4- 6 || total
-------------------------+-------+-------++-------
Melee: Hand axe          |    21 |       ||    21
       Dagger            |    72 |    99 ||   171
       Bite              |     7 |    10 ||    17
       Punch             |     1 |     1 ||     2
 Fire: Hunting sling     |       |     4 ||     4
Throw: Dart              |     2 |     3 ||     5
Evoke: Wand              |       |     1 ||     1
  Use: Scroll            |     7 |     1 ||     8
       Potion            |       |     1 ||     1
 Stab: Sleeping          |    13 |     1 ||    14
Armor: Leather armour    |    10 |    20 ||    30
Dodge: Dodged            |    44 |    33 ||    77

Table legend: (Time is in decaauts)
 A = Elapsed time spent in this place.
 B = Non-inter-level travel time spent in this place.
 C = Inter-level travel time spent in this place.
 D = Time resting spent in this place.
 E = Time spent auto-exploring this place.
 F = Levels seen in this place.
 G = Mean time per level.
                   A        B        C        D        E       F      G
               +--------+--------+--------+--------+--------+-----+--------+
         Total |   2860 |   2821 |     39 |    783 |   1297 |   6 |  476.7 |
       Dungeon |   2860 |   2821 |     39 |    783 |   1297 |   6 |  476.7 |
               +--------+--------+--------+--------+--------+-----+--------+

Top non-repeatable levels by time:
     D:2: 1211 daAuts
     D:1: 884 daAuts
     D:3: 441 daAuts
     D:4: 169 daAuts
     D:5: 100 daAuts
     D:6: 52 daAuts
